AoeStats
← QNa_NguaHoang

African Clearing

506593168Analyzed
4v4 RM · 17d ago on Sep 14, 2026· 56m 23s· 8 players
Game mode
Random Map
Map size
Large (8 player)
Population
200
Speed
Normal
Resources
Standard
Victory
Conquest
Starting age
Dark Age
Ending age
Imperial Age
RankedLock teamsTeams togetherTeam positionsShared explorationLock speedFull tech treeHidden civsTurbo modeCheats
Victory
Defeat
🇹🇼 Huns · Taiwan
1381
+11
🇹🇼 Magyars · Taiwan
1338
+12
🇬🇵 Mongols · Guadeloupe
1317
+13
🇺🇸 Berbers · United States
1205
+18
🇯🇵 Spanish · Japan
1296
-15
🇨🇳 Mongols · China
1274
-14
🇻🇳 Bengalis · Vietnam
1242
-13
🇨🇳 Cumans · China
1206
-12
清纯帝
12:37 Feudal Age
20:01 Loom
27:21 Castle Age
26:11 Fletching
26:43 Padded Archer Armor
53:11 Horse Collar
53:16 Double-Bit Axe
JieX
7:43 Loom
12:30 Feudal Age
12:58 Feudal Age
18:58 Castle Age
17:25 Stone Mining
23:13 Gold Mining
23:46 Fletching
27:17 Bodkin Arrow
28:53 Double-Bit Axe
34:09 Bow Saw
38:38 Bow Saw
38:42 Padded Archer Armor
38:48 Husbandry
41:02 Horse Collar
43:48 Heavy Plow
50:14 Imperial Age
48:38 Ballistics
50:54 Bracer
50:25 Elite Mangudai
51:20 Bloodlines
51:40 Leather Archer Armor
54:43 Wheelbarrow
55:47 Chemistry
FoldedAunt23528
5:16 Loom
17:22 Feudal Age
17:54 Horse Collar
19:25 Town Watch
19:35 Fletching
23:04 Castle Age
23:56 Double-Bit Axe
36:49 Bow Saw
42:14 Wheelbarrow
42:20 Heavy Plow
47:37 Hand Cart
48:17 Gold Mining
48:31 Stone Mining
52:07 Husbandry
52:18 Bloodlines
52:45 Scale Barding Armor
53:43 Forging
53:56 Chain Barding Armor
57:45 Imperial Age
56:35 Iron Casting
QNa_NguaHoang
5:23 Loom
16:29 Feudal Age
17:33 Double-Bit Axe
19:49 Castle Age
18:24 Horse Collar
20:31 Wheelbarrow
21:12 Bow Saw
24:05 Heavy Plow
24:32 Gold Mining
25:32 Hand Cart
32:18 Imperial Age
30:18 Stone Mining
30:59 Fletching
32:05 Ballistics
32:51 Elite Elephant Archer
34:06 Padded Archer Armor
34:03 Bodkin Arrow
35:59 Gold Shaft Mining
36:38 Chemistry
36:44 Leather Archer Armor
37:00 Siege Elephant
40:04 Ring Archer Armor
40:12 Bracer
46:00 Crop Rotation
46:31 Two-Man Saw
45:55 Conscription
47:13 Murder Holes
46:59 Treadmill Crane
50:25 Pikeman
51:06 Squires
50:53 Arson
51:44 Scale Mail Armor
51:54 Forging
53:41 Halberdier
54:58 Iron Casting
54:39 Chain Mail Armor
yoooo147
9:20 Loom
12:41 Feudal Age
13:20 Double-Bit Axe
23:26 Castle Age
22:15 Fletching
24:12 Bodkin Arrow
24:41 Bloodlines
24:31 Husbandry
27:24 Padded Archer Armor
34:45 Wheelbarrow
36:23 Hand Cart
41:38 Imperial Age
40:51 Ballistics
41:02 Scale Barding Armor
41:08 Forging
41:24 Town Watch
42:17 Chain Barding Armor
41:42 Cavalier
42:48 Chain Barding Armor
42:40 Bracer
45:19 Plate Barding Armor
45:20 Iron Casting
46:54 Horse Collar
49:11 Blast Furnace
48:54 Heavy Plow
49:58 Town Patrol
49:43 Paladin
50:57 Gold Mining
50:58 Stone Mining
53:58 Bracer
55:22 Bow Saw
SULIMAN
3:53 Loom
13:48 Feudal Age
14:43 Gold Mining
15:38 Stone Mining
18:31 Castle Age
17:37 Fletching
18:00 Town Watch
23:41 Ballistics
26:24 Bodkin Arrow
26:38 Padded Archer Armor
37:30 Imperial Age
35:40 Wheelbarrow
38:40 Gold Shaft Mining
38:40 Forging
41:34 Bracer
41:40 Scale Barding Armor
43:34 Leather Archer Armor
43:25 Horse Collar
45:20 Iron Casting
45:06 Chain Barding Armor
45:34 Elite Mangudai
46:05 Double-Bit Axe
51:43 Hand Cart
52:04 Drill
52:08 Conscription
51:20 Capped Ram
52:30 Heavy Plow
56:06 Chemistry
56:08 Blast Furnace
55:09 Scale Mail Armor
55:27 Nomads
LazyJames
4:08 Loom
15:03 Feudal Age
16:48 Scale Barding Armor
16:37 Double-Bit Axe
17:07 Scale Barding Armor
19:10 Castle Age
18:29 Forging
18:21 Horse Collar
18:57 Gold Mining
19:48 Bloodlines
24:36 Husbandry
25:59 Wheelbarrow
26:10 Heavy Plow
27:19 Chain Barding Armor
30:33 Hand Cart
33:20 Iron Casting
39:07 Imperial Age
37:50 Bow Saw
37:39 Fletching
38:24 Bodkin Arrow
38:20 Elite Skirmisher
39:32 Cavalier
40:59 Plate Barding Armor
41:24 Blast Furnace
41:37 Ballistics
41:29 Bracer
41:30 Padded Archer Armor
43:16 Stone Mining
44:08 Elite Genitour
45:06 Leather Archer Armor
47:22 Ring Archer Armor
49:58 Conscription
52:21 Kasbah
53:11 Thumb Ring
MAVERICK
12:01 Loom
14:49 Feudal Age
14:52 Man-at-Arms
18:09 Fletching
25:39 Double-Bit Axe
30:46 Castle Age
32:36 Bow Saw
35:24 Wheelbarrow
35:56 Horse Collar
37:51 Gold Mining
37:57 Town Watch
39:09 Heavy Plow
40:48 Stone Mining
43:50 Bloodlines
43:41 Husbandry
44:19 Bloodlines
44:10 Husbandry
47:34 Imperial Age
46:21 Hand Cart
47:42 Scale Barding Armor
47:42 Cavalier
49:42 Conscription
50:02 Chain Barding Armor
50:09 Paladin
51:50 Plate Barding Armor
53:40 Gold Shaft Mining
53:38 Crop Rotation
54:10 Two-Man Saw
Connection lost

Rejoining the realm…

Still unreachable

The connection could not be restored.

Session expired

The server has moved on; the page needs a fresh start.